 Dungeon Crawl Stone Soup version 0.18.1-1-g2f07953 (webtiles) character file.

100 Steelers13 the Ducker (level 4, -3/37 HPs)
             Began as a Merfolk Berserker on June 21, 2016.
             Was a Believer of Trog.
             Killed from afar by Sigmund (5 damage)
             ... with a puff of flame
             ... on level 3 of the Dungeon.
             The game lasted 00:13:59 (3627 turns).

Steelers13 the Ducker (Merfolk Berserker)           Turns: 3627, Time: 00:13:59

Health: -3/37      AC:  8    Str: 18    XL:     4   Next: 74%
Magic:  4/4        EV: 13    Int:  6    God:    Trog [**....]
Gold:   137        SH:  0    Dex: 13    Spells: 0 memorised, 3 levels left

rFire  . . .     SeeInvis .     a - +0 falchion
rCold  . . .     Gourm    .     e - +0 ring mail
rNeg   . . .     Faith    .     (no shield)
rPois  .         Spirit   .     (no helmet)
rElec  .         Dismiss  .     (no cloak)
rCorr  .         Reflect  .     (no gloves)
SustAt .         Harm     .     q - +2 pair of boots
MR     .....                    (no amulet)
Stlth  +.........               (no ring)
                                (no ring)

@: not resistant to hostile enchantments, very unstealthy
A: change form in water, swift swim
a: Berserk, Trog's Hand, Burn Spellbooks, Renounce Religion


You were on level 3 of the Dungeon.
You worshipped Trog.
Trog was pleased with you.
You were not hungry.

You visited 1 branch of the dungeon, and saw 3 of its levels.

You collected 137 gold pieces.

Inventory:

Hand Weapons
 a - a +0 falchion (weapon)
Armour
 b - a +0 animal skin
 e - a +0 ring mail (worn)
 q - a +2 pair of boots (worn)
Jewellery
 h - an uncursed amulet of the gourmand {unknown}
Wands
 n - a wand of digging (1/24)
Scrolls
 i - 2 scrolls of random uselessness {unknown}
 j - 5 scrolls of identify {unknown}
 l - 2 scrolls of immolation {unknown}
 o - a scroll of recharging {unknown}
Potions
 d - a potion of curing {unknown}
 g - a potion of lignification {unknown}
 k - 2 potions of flight {unknown}
 r - 2 potions of heal wounds {unknown}
Comestibles
 c - 2 bread rations
 f - 3 chunks of flesh
 m - a royal jelly
 p - a meat ration


   Skills:
 + Level 3.7 Fighting
 + Level 3.8 Long Blades
 + Level 2.1 Armour
 + Level 4.6 Dodging


You had 3 spell levels left.
You didn't know any spells.

Dungeon Overview and Level Annotations

Branches:
Dungeon (3/15)

Altars:
Gozag
Pakellas

Annotations:
D:3 Sigmund


Message History

You're too confused to move!
You bump into the rock wall.
A magic dart appears from out of thin air!
The magic dart hits you!
* * * LOW HITPOINT WARNING * * *
Sigmund appears from thin air!
Reactivating autopickup.
Sigmund gestures at you while chanting.
You are more confused.
You bump into the rock wall.
You bump into the rock wall.
Sigmund hits you from afar with a scythe!
* * * LOW HITPOINT WARNING * * *
You bump into the rock wall.
Sigmund misses you.
You bump into the rock wall.
You feel less confused.
Sigmund giggles. "Time to reap what you sow."
Sigmund casts a spell at you. The puff of flame hits you!
You die...

####### #.....# #.###.# #.#
#.##################### #.#
#......................
#.######################...
#.#.......@..@K........'...
#....###################...
#>.......................##
#....################......
#.#'## #.รท....# #.#.#
#....... #.#.# #.......
#.#'##### ######.......
#.......# #............


You could see Sigmund and a kobold.

Vanquished Creatures
  A worker ant (D:3)
  3 adders
  4 giant geckos
  9 bats
  A giant cockroach (D:1)
  5 goblins
  4 hobgoblins
  5 jackals
  3 kobolds
  A quokka (D:2)
  4 giant newts
  4 rats
44 creatures vanquished.

Notes
Turn   | Place    | Note
--------------------------------------------------------------
     0 | D:1      | Steelers13 the Merfolk Berserker began the quest for the Orb.
     0 | D:1      | Reached XP level 1. HP: 18/18 MP: 1/1
   111 | D:1      | Reached skill level 3 in Dodging
   171 | D:1      | Reached XP level 2. HP: 19/24 MP: 2/2
   876 | D:2      | Found an oddly glowing altar of Pakellas.
   976 | D:2      | Reached XP level 3. HP: 29/29 MP: 3/3
   994 | D:2      | Found an opulent altar of Gozag.
  1069 | D:2      | Reached ** piety under Trog
  1910 | D:3      | Reached skill level 4 in Dodging
  2244 | D:3      | Reached XP level 4. HP: 34/35 MP: 4/4
  3564 | D:3      | Noticed Sigmund
  3619 | D:3      | HP: 1/37 [Sigmund/scythe (7)]
  3627 | D:3      | Killed from afar by Sigmund

Skill      XL: |  1  2  3  4 |
---------------+-------------+-----
Dodging        | 3 4 |  4.6
Armour         | 2 |  2.1
Fighting       | |  3.7
Long Blades    | |  3.8

Action                   |  1- 3 |  4- 6 || total
-------------------------+-------+-------++-------
Melee: Falchion          |   181 |    33 ||   214
Invok: Berserk           |     1 |       ||     1
  Eat: Chunk             |     4 |     1 ||     5
       Bread ration      |       |     1 ||     1
Armor: Ring mail         |   132 |    17 ||   149
       Animal skin       |     2 |       ||     2
Dodge: Dodged            |   240 |    36 ||   276
